Map: Abyssal Reef LE

Players

Musumeci - Winner!

  • Race: Zerg Zerg
  • League: Diamond
  • Spawn Location: 11:00

JumPeR

  • Race: Terran Terran
  • League: Diamond
  • Spawn Location: 5:00

VOD

Have the link to the VOD?

Description

Time

  • Played on: March 15, 2017, 12:32 p.m.
  • Length: 8:56
Show
View Real Time Build Order
Export as new Build Order

Musumeci Zerg - Winner!

Build Orders: Hatch First 

Get SALT Encoding   

  12  0:02  Drone  
  13  0:08  Drone  
  14  0:20  Drone, Extractor  
  15  0:31  Extractor  
  15  0:47  Hatchery  
  14  0:52  Drone, Extractor  
  15  1:06  Spawning Pool  
  14  1:18  Drone x2, Extractor x2  
  16  1:32  Overlord  
  16  1:51  Drone x3  
  19  1:54  Queen  
  19  1:58  Queen  
  19  1:59  Drone  
  24  2:04  Drone  
  24  2:14  Drone  
  25  2:28  Overlord  
  25  2:30  Queen  
  27  2:37  Drone  
  27  2:40  Overlord  
  28  2:46  Queen, Drone x3  
  28  2:48  Drone  
  34  2:54  Drone  
  35  2:59  Drone  
  35  3:01  Drone  
  35  3:05  Drone x3  
  40  3:06  Drone x2  
  42  3:16  Drone x2  
  42  3:18  Extractor  
  43  3:20  Drone, Extractor  
  43  3:21  Roach Warren  
  42  3:37  Hatchery  
  42  3:39  Overlord  
  41  3:54  Evolution Chamber  
  40  4:00  Drone x10  
  50  4:09  Roach  
  52  4:11  Overlord  
  52  4:13  Evolution Chamber  
  51  4:30  Roach x4  
  59  4:43  Overlord x2  
  59  4:48  Roach x2  
  59  4:50  Roach  
  59  4:52  Lair  
  65  4:53  Drone  
  65  4:54  Drone, Extractor  
  66  5:00  Extractor  
  66  5:03  Drone x3  
  66  5:06  Zerg Missile Weapons Level 1  
  68  5:26  Drone  
  69  5:31  Drone x10  
  69  5:32  Drone x2  
  81  5:57  Spore Crawler  
  81  5:58  Spore Crawler  
  81  6:00  Spore Crawler x2  
  81  6:01  Ravager x2  
  81  6:02  Roach  
  81  6:03  Overlord x4  
  81  6:16  Spore Crawler x2  
  80  6:20  Glial Reconstitution, Extractor x2  
  80  6:22  Zerg Ground Armor Level 1  
  80  6:23  Roach  
  80  6:24  Roach x11  
  102  6:42  Drone  
  102  6:43  Drone x2  
  102  6:44  Drone  
  102  6:47  Drone x2  
  108  6:49  Drone x3  
  108  6:50  Drone  
  108  6:51  Drone x2  
  108  6:53  Overlord x3  
  114  7:07  Overlord x2  
  114  7:14  Ravager x5  
  119  7:42  Ravager x2  
  121  8:08  Roach  
  121  8:09  Roach x15  
  121  8:11  Ravager  
  150  8:33  Roach  
  150  8:34  Roach x10  
Show
View Real Time Build Order
Export as new Build Order

JumPeR Terran 

Build Orders: MMM Bio 

Get SALT Encoding   

  12  0:00  SCV  
  13  0:13  SCV  
  14  0:18  Supply Depot  
  14  0:25  SCV  
  15  0:40  SCV  
  15  0:41  Barracks  
  16  0:50  Refinery  
  16  0:52  SCV  
  17  1:04  SCV  
  18  1:16  SCV  
  19  1:30  Orbital Command  
  19  1:33  Marine  
  20  1:46  Command Center  
  20  1:58  SCV  
  20  2:01  Supply Depot  
  21  2:06  Barracks Reactor  
  21  2:12  Barracks  
  21  2:17  SCV  
  22  2:23  Refinery  
  22  2:29  SCV  
  23  2:41  SCV  
  24  2:45  Marine x2  
  26  2:53  SCV  
  26  2:55  Factory  
  27  2:59  Barracks Tech Lab  
  27  3:01  Orbital Command  
  27  3:08  Marine x2  
  27  3:11  SCV  
  30  3:17  Marine  
  30  3:18  Stimpack  
  31  3:23  SCV  
  31  3:26  Marine x2  
  34  3:27  SCV  
  35  3:35  SCV, Marine, Supply Depot  
  37  3:41  Supply Depot  
  37  3:42  Starport  
  37  3:47  SCV  
  37  3:48  Marine x2  
  40  3:54  SCV, Marine  
  40  3:55  Factory Reactor  
  42  3:59  SCV  
  43  4:06  SCV  
  43  4:07  Supply Depot  
  44  4:10  Marine x2  
  44  4:13  Marine  
  47  4:21  Armory  
  47  4:22  Starport Reactor  
  48  4:24  SCV x2  
  48  4:29  Bunker  
  49  4:33  Marine  
  49  4:34  Marine x2  
  49  4:36  Hellion  
  49  4:37  Hellion  
  56  4:42  SCV x2  
  58  4:53  Marine x3  
  58  4:54  SCV x2  
  58  4:59  Hellion x2  
  67  5:10  Medivac  
  67  5:11  Marine  
  70  5:15  Marine x2, Medivac  
  70  5:16  Supply Depot  
  70  5:20  Hellion  
  76  5:27  Hellion  
  78  5:37  Marine x2  
  78  5:42  Refinery  
  80  5:44  Refinery  
  80  5:49  Command Center  
  80  5:52  Marine  
  80  5:55  Hellion x2, Marine  
  86  5:58  Liberator x2  
  86  6:15  Marine x2  
  94  6:32  Barracks  
  94  6:35  Barracks  
  94  6:36  Barracks  
  94  6:37  Factory Tech Lab  
  94  6:45  Supply Depot  
  94  6:50  Supply Depot  
  94  7:00  Marine  
  94  7:01  SCV x2, Marine x2  
  98  7:13  SCV x2, Siege Tank  
  98  7:15  Medivac x2  
  105  7:18  Marine  
  105  7:19  Engineering Bay  
  105  7:22  Engineering Bay  
  108  7:24  Barracks Tech Lab x2  
  108  7:26  Combat Shields  
  108  7:31  SCV  
  108  7:32  SCV  
  105  7:51  Marine x4  
  106  7:52  Marauder x2, Marine  
  106  7:54  Orbital Command  
  106  7:57  Siege Tank  
  106  8:10  Medivac x2  
  106  8:12  SCV x2  
  110  8:24  SCV  
  105  8:32  Marine x4  
  105  8:33  Marine x2  
Tags
 
Composition
MMM Bio
Matchup
TvZ
Replay Pack
replay pack
Spawn Locations
Cross Positions
Add a new tag
Caveats
  • Supply blocks, unpowered buildings, or Contaminate may cause inaccurate times.
  • Supply counts are checked every 10 seconds.